 Dungeon Crawl Stone Soup version 0.21-a0-273-g0785366 (webtiles) character file.

486 Lavandula the Chiller (level 7, -8/50 HPs)
             Began as a Ghoul Ice Elementalist on Sept 16, 2017.
             Was an Initiate of Vehumet.
             Mangled by an ogre
             ... wielding a +0 giant spiked club
              (11 damage)
             ... on level 4 of the Dungeon.
             The game lasted 00:17:42 (2262 turns).

Lavandula the Chiller (Ghoul Ice Elementalist)      Turns: 2262, Time: 00:17:43

Health: -8/50      AC:  8    Str: 12    XL:     7   Next: 13%
Magic:  11/12      EV: 12    Int: 12    God:    Vehumet [......]
Gold:   152        SH:  0    Dex:  9    Spells: 2/14 levels left

rFire    . . .     SeeInvis .     - Unarmed
rCold    + . .     Gourm    .   (no shield)
rNeg     + + +     Faith    .   a - +0 robe
rPois    ∞         Spirit   .   (no helmet)
rElec    .         Reflect  .   k - +0 cloak
rCorr    .         Harm     .   (no gloves)
MR       .....                  (no boots)
Stlth    ++........             (no amulet)
HPRegen  0.00/turn              (no ring)
MPRegen  0.13/turn              (no ring)

@: icy armour, rotting, slow
A: rotting body, claws 1, carnivore 3, cold resistance 1, negative energy
resistance 3, inhibited regeneration, torment resistance, unbreathing
a: Renounce Religion


You were on level 4 of the Dungeon.
You worshipped Vehumet.
Vehumet was noncommittal.
You were not hungry.

You visited 2 branches of the dungeon, and saw 8 of its levels.

You collected 152 gold pieces.

Inventory:

Hand Weapons
 r - a +1 trident of flaming
 t - a +0 whip of venom
Armour
 a - a +0 robe (worn)
 e - a +0 leather armour
 i - a +2 buckler
 k - a +0 cloak (worn)
Jewellery
 s - an uncursed ring of fire
Wands
 o - a wand of polymorph (14/24)
Scrolls
 d - a scroll of magic mapping {unknown}
 j - a scroll of enchant weapon
 l - a scroll of amnesia {unknown}
 m - 5 scrolls of identify {unknown}
 n - a scroll of teleportation
 p - a scroll of acquirement {unknown}
 u - a scroll of enchant armour {unknown}
Potions
 f - 2 potions of flight
Books
 b - a book of Frost

   Spells                             Type                      Level
   a - Freeze                         Ice                          1
   b - Throw Frost                    Conjuration/Ice              2
   c - Ozocubu's Armour               Charms/Ice                   3
   d - Throw Icicle                   Conjuration/Ice              4
   e - Summon Ice Beast               Ice/Summoning                4
 h - a book of Cantrips

   Spells                             Type                      Level
   a - Confusing Touch                Hexes                        1
   b - Animate Skeleton               Necromancy                   1
   c - Summon Small Mammal            Summoning                    1
   d - Apportation                    Translocation                1
Comestibles
 c - 5 meat rations
 g - 4 chunks of flesh


   Skills:
 - Level 1.9 Dodging
 - Level 2.1 Stealth
 - Level 2.4 Unarmed Combat
 - Level 4.0 Spellcasting
   Level 0.7 Conjurations
 + Level 0.1 Hexes
 - Level 1.4 Summonings
 - Level 6.0 Ice Magic


You had 2 spell levels left.
You knew the following spells:

 Your Spells              Type           Power        Failure   Level  Hunger
a - Freeze                Ice            ###.         1%          1    #......
b - Ozocubu's Armour      Chrm/Ice       #.......     19%         3    ###....
c - Confusing Touch       Hex            #.....       22%         1    #......
d - Animate Skeleton      Necr           N/A          22%         1    #......
e - Summon Small Mammal   Summ           #...         12%         1    #......
f - Summon Ice Beast      Ice/Summ       ##......     43%         4    #####..
g - Apportation           Tloc           #.....       22%         1    #......


Dungeon Overview and Level Annotations

Branches:
Dungeon (7/15)             Temple (1/1) D:4

Altars:
Ashenzari
Cheibriados
Dithmenos
Elyvilon
Fedhas
Gozag
Hepliaklqana
Kikubaaqudgha
Qazlal
Trog
Uskayaw
Vehumet
Wu Jian
Xom
Zin
The Shining One

Annotations:
D:3 Grinder
D:5 Eustachio


Innate Abilities, Weirdness & Mutations

Your body is rotting away.
You thrive on raw meat.
You are immune to poison.
You have sharp fingernails.
You are carnivorous and can eat meat at any time.
Your flesh is cold resistant. (rC+)
You are immune to negative energy. (rN+++)
You do not regenerate when monsters are visible.
You are immune to unholy pain and torment.
You can survive without breathing.


Message History

The ogre hits you with a giant spiked club!!
* * * LOW HITPOINT WARNING * * *
You feel your flesh rotting away.
You see here a leather armour.
The ogre barely misses you.
You see here a scroll of teleportation.
Eat one of 5 chunks of flesh? (ye/n/q)
You eat one of the 5 chunks of flesh.
You feel more resilient.
This raw flesh tastes great!
n - a scroll of teleportation The ogre hits you with a giant spiked club!
* * * LOW HITPOINT WARNING * * *
Found a scroll of remove curse.
Okay, then.
Okay, then.
Okay, then.
Evoke which item? (* to show all) (? for menu, Esc to quit)
Okay, then.
The ogre hits you with a giant spiked club!
You die...

.#
####...######[#
.# ##.## #.# .#
#.# #.# .# #>#
#.# ## #[# #.#
##### #.# ##.#
#...## #.# #..#
.....####.#
#O##
..........# #@#
.....#.#### #?#
#...##.# #.#
....##.. ..#
###.##### ###
#.# ###.# ....#
#####


You could see an ogre.

Vanquished Creatures
  A big kobold (D:4)
  Blork the orc (D:4)
  A bullfrog (D:6)
  A crimson imp (D:5)
  An orc priest (D:3)
  A hound (D:4)
  2 worker ants
  2 orc wizards
  A shadow imp (D:4)
  4 worms
  A dart slug (D:2)
  15 orcs
  A ball python (D:3)
  A giant cockroach (D:6)
  5 goblins
  5 hobgoblins
  7 jackals
  4 bats
  A frilled lizard (D:1)
  A giant cockroach zombie (D:5)
  9 kobolds
  8 rats
73 creatures vanquished.

Vanquished Creatures (others)
  A plant (D:4)
1 creature vanquished.

Grand Total: 74 creatures vanquished

Notes
Turn   | Place    | Note
-------+----------+-------------------------------------------
     0 | D:1      | Lavandula the Ghoul Ice Elementalist began the quest for the Orb.
     0 | D:1      | Reached XP level 1. HP: 14/14 MP: 2/2
   111 | D:1      | Reached XP level 2. HP: 20/20 MP: 1/3
   266 | D:1      | Reached XP level 3. HP: 22/26 MP: 1/5
   317 | D:2      | Learned a level 3 spell: Ozocubu's Armour
   359 | D:3      | You fall through a shaft for 2 floors!
   359 | D:5      | Entered Level 5 of the Dungeon
   379 | D:5      | Reached XP level 4. HP: 30/33 MP: 0/7
   386 | D:5      | Noticed Eustachio
   478 | D:5      | Noticed an ogre
   603 | D:6      | Learned a level 1 spell: Confusing Touch
   605 | D:6      | Learned a level 1 spell: Animate Skeleton
   607 | D:6      | Learned a level 1 spell: Apportation
   614 | D:7      | Noticed a hungry ghost
   631 | D:6      | Reached skill level 4 in Ice Magic
   666 | D:6      | Noticed a bullfrog
   676 | D:6      | Killed a bullfrog
   676 | D:6      | Reached skill level 5 in Ice Magic
   676 | D:6      | Reached XP level 5. HP: 14/38 MP: 1/8
   689 | D:6      | Learned a level 1 spell: Summon Small Mammal
   708 | D:5      | Noticed an ogre
   869 | D:5      | Reached skill level 1 in Summonings
   989 | D:4      | Noticed Blork the orc
   998 | D:4      | Killed Blork the orc
   998 | D:4      | Reached XP level 6. HP: 37/45 MP: 0/9
  1136 | D:3      | Found a bloodstained altar of Trog.
  1161 | D:3      | Found an opulent altar of Gozag.
  1406 | D:3      | Noticed Grinder
  1514 | D:4      | Learned a level 4 spell: Summon Ice Beast
  1539 | D:4      | Found a staircase to the Ecumenical Temple.
  1548 | Temple   | Entered the Ecumenical Temple
  1553 | Temple   | Became a worshipper of Vehumet
  2119 | D:4      | Reached skill level 6 in Ice Magic
  2119 | D:4      | Reached XP level 7. HP: 34/49 MP: 0/12
  2262 | D:4      | Mangled by an ogre

Vault maps used:
D:1:      mainiacjoe_arrival_reflecting_pool
D:3:      lightli_temple_of_fire, nicolae_gozag_seed_capital, uniq_grinder
D:4:      minmay_temple_entry_poolview, lexackson_kobold_supper,
          uniq_blork_the_orc
D:5:      yredelemnul_forgotten_temple_becter, first_bread, uniq_eustachio
D:6:      nicolae_overflow_crystal_walls
D:7:      grunt_livestock, xom_shifter_show
Temple:   minmay_freezing_vapour_temple

Skill      XL: |  1  2  3  4  5  6 |
---------------+-------------------+-----
Spellcasting   | 2 3 4 |  4.0
Ice Magic      | 5 6 |  6.0
Summonings     | 1 |  1.4
Unarmed Combat | 2 |  2.4
Dodging        | |  1.9
Stealth        | |  2.1
Conjurations   | |  0.7
Hexes          | |  0.1

Action                   |  1- 3 |  4- 6 |  7- 9 || total
-------------------------+-------+-------+-------++-------
Melee: Unarmed           |    43 |   149 |    32 ||   224
       Trident           |       |     2 |       ||     2
       Punch             |       |       |     1 ||     1
 Cast: Freeze            |    29 |    81 |     4 ||   114
       Ozocubu's Armour  |       |     7 |     1 ||     8
       Summon Small Mamm |       |     2 |       ||     2
       Animate Skeleton  |       |     1 |       ||     1
  Use: Scroll            |       |     5 |       ||     5
       Potion            |       |     2 |       ||     2
 Stab: Sleeping          |     2 |       |       ||     2
  Eat: Chunk             |     4 |    46 |     3 ||    53
Armor: Robe              |     8 |    52 |     6 ||    66
Dodge: Dodged            |    51 |   163 |     8 ||   222

Table legend:
 A = Spawn XP
 B = Non-spawn XP
 C = Spawn XP percentage of total XP
 D = Spawn monster count
 E = Non-spawn monster count
 F = Spawn count percentage of total count
 G = Total turns spent on level
                    A         B        C        D         E        F      G
               +---------+---------+-------+---------+---------+-------+---------
         Total |       0 |     695 |   0.0 |       0 |      73 |   0.0 |  2262
               +---------+---------+-------+---------+---------+-------+---------
           D:1 |       0 |      34 |   0.0 |       0 |      21 |   0.0 |   280
           D:2 |       0 |      11 |   0.0 |       0 |       5 |   0.0 |    55
           D:3 |       0 |     125 |   0.0 |       0 |      21 |   0.0 |   428
           D:4 |       0 |     298 |   0.0 |       0 |      15 |   0.0 |   889
           D:5 |       0 |      92 |   0.0 |       0 |       4 |   0.0 |   225
           D:6 |       0 |     135 |   0.0 |       0 |       7 |   0.0 |   372
               +---------+---------+-------+---------+---------+-------+---------
